[Event "*** Titled Tuesday Blitz"]
[Site "Chess.com"]
[Date "2020.05.12"]
[Round "9"]
[White "GMStefanova"]
[Black "Loiacono_Antonio"]
[Result "1-0"]
[WhiteElo "2624"]
[BlackElo "2405"]
[TimeControl "180+1"]
[EndTime "11:44:23 PDT"]
[Termination "GMStefanova won on time"]

1. Nf3 d5 2. g3 Nf6 3. Bg2 c6 4. O-O Bg4 5. d3 e6 6. h3 Bh5 7.
Qe1 Nbd7 8. e4 dxe4 9. dxe4 Bxf3 10. Bxf3 e5 11. Bg2 Qc7 12. Nd2 Bc5 13. Nc4 O-O 14.
Bg5 h6 15. Bd2 Rad8 16. a4 b6 17. Ne3 Bxe3 18. Qxe3 Rfe8 19. Bc3 Nf8 20. a5 Ne6 21. axb6 axb6 22. f4 Nd4 23. Qf2 c5 24. f5 Nb5 25.
Bd2 Rd4 26. Rae1 Red8 27. Bc1 Nd6 28. c3 Ndxe4 29. Qc2 Rd2 30. Bxd2 Rxd2 31. Qc1 c4 32. Bxe4 Nxe4 33. Rxe4 Qc5+ 34. Kh1 Qd5 35. Qe1 Rxb2 36.
Qe3 Rd2 37. Re1 Rd3 38. Qf2 Rxc3 39. Qg2 f6 40. R4e2 Qd7 41. g4 b5 42. Rd2 Rd3 43. Rxd3 cxd3 44. Qe4 d2 45. Rd1 b4 46. Qxb4 Qd5+ 47.
Kg1 Qf3 48. Qxd2 Qxh3 49. Qg2 Qe3+ 50. Qf2 Qe4 51. Qg3 Kh7 52. Kh2 h5 53. gxh5 Qxf5 54. Qg6+ Qxg6 55. hxg6+ Kxg6 56. Kg3 Kf5 57. Rf1+ Ke6 58.
Kg4 g5 59. Kh5 1-0

[Event "*** Titled Tuesday Blitz"]
[Site "Chess.com"]
[Date "2020.05.12"]
[Round "9"]
[White "plumalka"]
[Black "konradrutkowski"]
[Result "0-1"]
[WhiteElo "2438"]
[BlackElo "2296"]
[TimeControl "180+1"]
[EndTime "11:44:23 PDT"]
[Termination "konradrutkowski won by checkmate"]

1. e4 e5 2. Nf3 Nc6 3. d4 exd4 4. Nxd4 Bc5 5. Be3 Qf6 6. Nb5 Bxe3 7. fxe3 Qd8 8.
N1c3 a6 9. Nd4 Nge7 10. Bd3 O-O 11. O-O d6 12. Nd5 Nxd5 13. exd5 Nxd4 14. exd4 Qh4 15.
c3 Bd7 16. Qd2 Rae8 17. Rf4 Qh6 18. Raf1 Re7 19. Qf2 g6 20. Qg3 Rfe8 21. Qf2 f5 22.
Rf3 Re3 23. Rxe3 Qxe3 24. Qxe3 Rxe3 25. Rd1 Kg7 26. Kf2 Re7 27. g3 Kf6 28. c4 a5 29.
b3 Be8 30. c5 Bf7 31. Bc4 b6 32. c6 g5 33. a3 f4 34. gxf4 gxf4 35. Rg1 Re3 36. Rg4 Kf5 37. Rh4 Bg6 38. Be2 Rxb3 39. Rg4 Rxa3 40. Rg1 Ra2 41. Ke1 Ra1+ 42. Kf2 Rxg1 43.
Kxg1 Ke4 44. Kf2 Kxd4 45. Bf3 a4 46. Bd1 a3 47. Bb3 Kc3 48. Ba2 Bd3 49. Kf3 Bc4 50.
Bb1 Bxd5+ 51. Kxf4 Bxc6 52. h4 Kb2 53. Ba2 Kxa2 54. Kg5 Kb2 55. Kh6 Be4 56. h5 a2 57.
Kg7 a1=Q 58. h6 Qg1+ 59. Kh8 Qd4+ 60. Kg8 Bg6 61. Kf8 Qf6+ 62. Kg8 Qf7+ 63. Kh8 Qf8# 0-1

[Event "*** Titled Tuesday Blitz"]
[Site "Chess.com"]
[Date "2020.05.12"]
[Round "9"]
[White "Shuvalov"]
[Black "checkmatequen"]
[Result "1-0"]
[WhiteElo "2451"]
[BlackElo "2269"]
[TimeControl "180+1"]
[EndTime "11:44:23 PDT"]
[Termination "Shuvalov won by resignation"]

1. Nf3 c5 2. c4 Nc6 3. d4 cxd4 4. Nxd4 Nf6 5. Nc3 e6 6. a3 a6 7. e4 Qc7 8. Be3 Be7 9. Be2 Ne5 10. Rc1 b6 11. f4 Ng6 12. e5 Ng8 13. Ne4 Bb7 14.
Bf3 Nh4 15. O-O Nxf3+ 16. Qxf3 Nh6 17. Rfe1 Nf5 18. Bf2 Bc5 19. Qd3 Nxd4 20. Bxd4 Bxe4 21. Qxe4 Rd8 22. Red1 d6 23. b4 Bxd4+ 24. Qxd4 dxe5 25. Qxd8+ Qxd8 26. Rxd8+ Kxd8 27. fxe5 Kc7 28. Kf2 Rd8 29. Ke3 Kc6 30. Rf1 Rd7 31. g4 a5 32. g5 axb4 33. axb4 Ra7 34. Kd4 Rd7+ 35. Ke4 Kc7 36. h4 Kd8 37. Rf3 Ke7 38. Rd3 Ra7 39. Rd6 Rb7 40.
b5 f6 41. gxf6+ gxf6 42. Rc6 f5+ 43. Kf4 Kd7 44. Kg5 Ke7 45. h5 h6+ 46. Kxh6 f4 47.
Rd6 Rd7 48. Rxb6 f3 49. Ra6 Rc7 50. Ra3 Rxc4 51. Rxf3 Rb4 52. Kg7 Rg4+ 53. Kh7 Rb4 54. h6 Rxb5 55. Kg7 Rxe5 56. Rf7+ Kd6 57. h7 Rg5+ 58.
Kh6 Rg1 59. h8=Q Rh1+ 60. Kg7 Rxh8 61. Kxh8 e5 62. Kg7 e4 63. Kf6 Kd5 64. Rd7+ Kc6 65. Re7 Kd5 66. Kf5 e3 67. Rxe3 1-0

[Event "*** Titled Tuesday Blitz"]
[Site "Chess.com"]
[Date "2020.05.12"]
[Round "9"]
[White "Zmeeed63"]
[Black "rynos0411"]
[Result "1/2-1/2"]
[WhiteElo "2198"]
[BlackElo "2322"]
[TimeControl "180+1"]
[EndTime "11:44:24 PDT"]
[Termination "Game drawn by repetition"]

1. d4 Nf6 2. c4 e6 3. Nc3 d5 4.
cxd5 Nxd5 5. e3 c5 6. Nf3 Nc6 7.
Bb5 cxd4 8. exd4 Be7 9. O-O O-O 10. Bxc6 bxc6 11. Ne5 Bb7 12. Qg4 Bf6 13. Ne4 Kh8 14. Nxf6 Qxf6 15. Nd7 Qe7 16. Nxf8 Qxf8 17. Be3 Qb4 18.
a3 Qb6 19. b4 a5 20. bxa5 Rxa5 21. Rfb1 Rxa3 22. Qd1 Rxa1 23. Rxa1 h6 24. Qb1 Qxb1+ 25. Rxb1 Ba6 26. h4 Kh7 27. Rc1 Bb5 28. h5 Nf6 29.
Rc5 Nd7 30. Rc3 Nf6 31. Bf4 Nd5 32. Bd2 Nxc3 33. Bxc3 Be2 34. f3 f5 35. Kf2 Ba6 36. Ke3 Kg8 37. Kf4 Kf7 38. g4 fxg4 39. fxg4 Bc4 40. Bb4 Bd5 41. Bd2 g6 42. hxg6+ Kxg6 43. Ke5 Bf3 44. Kf4 Bd1 45. Be3 Bc2 46. Bd2 Bd1 47. Be3 Kf6 48. Bf2 h5 49. gxh5 Bxh5 50.
Bh4+ Kf7 51. Bf2 Ke8 52. Ke5 Kd7 53. Bh4 Bf3 54. Bg5 Bd5 55. Bf6 Bc4 56. Bg5 Bd5 57. Be3 Bc4 58. Bd2 Bd5 59. Bb4 Bc4 60. Bc5 Bd5 61.
Bb6 Bc4 62. Bc5 Bd5 63. Bb6 Bc4 64. Bc5 1/2-1/2

[Event "*** Titled Tuesday Blitz"]
[Site "Chess.com"]
[Date "2020.05.12"]
[Round "9"]
[White "GukeshDommaraju"]
[Black "LLRChess"]
[Result "0-1"]
[WhiteElo "2716"]
[BlackElo "2576"]
[TimeControl "180+1"]
[EndTime "11:44:25 PDT"]
[Termination "LLRChess won on time"]

1. e4 d6 2. d4 Nf6 3. Nc3 g6 4. Be3 c6 5. Qd2 b5 6. f3 Nbd7 7. h4 Nb6 8. Bh6 Bxh6 9. Qxh6 b4 10. Nd1 a5 11. Qd2 Be6 12. Ne3 h5 13. Bd3 c5 14. d5 Bc8 15. Nh3 Qc7 16. Qe2 Nfd7 17. Ng5 Ne5 18. Bb5+ Kf8 19. f4 Ng4 20. O-O f6 21. Ne6+ Bxe6 22. dxe6 Nxe3 23. Qxe3 Kg7 24. f5 d5 25. exd5 Nxd5 26. Qf3 Qe5 27.
Rfe1 Qxf5 28. Qxf5 gxf5 29. Rad1 Rad8 30. Bd7 Nb6 31. Bb5 f4 32. Kf2 Nd5 33. Bd7 Ne3 34. Rd2 f5 35. Kf3 Kf6 36. Kxf4 Ng4 37. Rd5 Nh6 38.
Rxc5 Rhg8 39. Kf3 Rg4 40. Rxa5 Rxh4 41. Rb5 Rg4 42. Rh1 h4 43. Rh3 Rdg8 44. a3 Rg3+ 45. Rxg3 Rxg3+ 46. Kf2 bxa3 47. bxa3 Ng4+ 48. Kf1 Rxa3 49.
c4 Rc3 50. c5 Ne3+ 51. Ke2 Nxg2 52. c6 h3 53. Kf2 Nf4 54. Rb1 h2 55. Rh1 Rc2+ 56. Kg3 Ne2+ 57. Kh3 Nd4 58. Rxh2 Rc3+ 59. Kh4 Nf3+ 0-1

[Event "*** Titled Tuesday Blitz"]
[Site "Chess.com"]
[Date "2020.05.12"]
[Round "9"]
[White "mbachez"]
[Black "Fins0905"]
[Result "0-1"]
[WhiteElo "2493"]
[BlackElo "2619"]
[TimeControl "180+1"]
[EndTime "11:44:26 PDT"]
[Termination "Fins0905 won by checkmate"]

1. e4 d5 2. Nc3 dxe4 3. Nxe4 Qd5 4. Qf3 Nc6 5. Ne2 f5 6. N2c3 Qe5 7. Bc4 Nf6 8. d4 Nxd4 9. Qg3 Qxg3 10. Nxg3 Nxc2+ 11. Kd1 Nxa1 12. Bf4 Bd7 13. Kc1 O-O-O 14. f3 e6 15. Be3 a6 16. Kb1 Bd6 17. Nge2 Rhe8 18. Kxa1 Bc6 19.
Nd4 Bd5 20. Be2 c5 21. Nb3 Bxb3 22. axb3 Nd5 23. Bg5 Be7 24. Bd2 Bf6 25. Na4 Nb4 26. Bf4 e5 27. Bg3 Nd3 28. Rd1 Nb4 29. Rc1 Kb8 30.
Rxc5 Re7 31. Bc4 Nc6 32. Bxa6 Nd4 33. Bc4 Rc8 34. Rd5 Ka7 35. Bf2 Kb8 36. f4 Nc6 37. Bg3 e4 38. Nb6 Rce8 39. Nd7+ Kc7 40. Nc5 e3 41.
Na4 e2 42. Be1 Bd4 43. Bb5 Re6 44. Bxc6 Rxc6 45. Kb1 Bb6 46. Nc3 Be3 47. Rxf5 Kc8 48. Kc2 Bd4 49. Rf7 Bf6 50. Kd2 Rce6 51. Kc2 Rd8 52. f5 Rc6 53. Bg3 Rd7 54. Rf8+ Rd8 55.
Rf7 b6 56. Ra7 Rd1 57. b4 Bxc3 58. Be1 Bxe1+ 59. Kb3 Bxb4 60. Rc7+ Kxc7 61. f6 e1=Q 62. Ka4 Qe6 63. Kb5 Qc4+ 64. Ka4 Qa6+ 65. Kb3 Rd3+ 66. Kxb4 Qa5# 0-1

[Event "*** Titled Tuesday Blitz"]
[Site "Chess.com"]
[Date "2020.05.12"]
[Round "9"]
[White "Gerodot71"]
[Black "ketster"]
[Result "1/2-1/2"]
[WhiteElo "2381"]
[BlackElo "2293"]
[TimeControl "180+1"]
[EndTime "11:44:26 PDT"]
[Termination "Game drawn by repetition"]

1. d4 Nf6 2. c4 e6 3. Nf3 d5 4.
g3 Bb4+ 5. Bd2 Be7 6. Bg2 O-O 7. O-O Nbd7 8. Qc2 c6 9. Bf4 Ne4 10.
Nc3 g5 11. Bc1 f5 12. Nd2 Bf6 13. e3 g4 14. b4 h5 15. b5 Rf7 16. Ne2 h4 17.
Nf4 Nf8 18. a4 Rh7 19. Ba3 hxg3 20. hxg3 Bd7 21. Bxe4 fxe4 22. Kg2 Bg5 23. Rh1 Bxf4 24. gxf4 Qf6 25. Rxh7 Nxh7 26. Rh1 Kg7 27. Bd6 Qg6 28. Be5+ Nf6 29. Nf1 Rh8 30. Qb2 Rxh1 31. Kxh1 Qh5+ 32. Kg1 Kf7 33. Ng3 Qh4 34. Bxf6 Qxf6 35.
c5 Qh6 36. b6 a6 37. Qe2 Qg6 38. Nf1 Qh5 39. Ng3 Qh4 40. Qf1 Kf6 41. Qg2 Be8 42. Qf1 Bg6 43. Qg2 Bf5 44. Kf1 Qh6 45. Ke1 Qh4 46.
Qf1 Qh6 47. Kd2 Qh3 48. Qe2 Qh4 49. Ke1 Qh3 50. Nf1 Qh4 51. Kd2 Qh3 52. Ng3 Qh4 53. Kc3 Qh3 54. Kb4 Qh4 55. Ka5 Qh8 56. Qf1 Qh7 57.
Qg1 Ke7 58. Ne2 Kd7 59. Nc3 Kc8 60. Na2 Qh4 61. Nb4 Qh7 62. Qf1 Qd7 63. Qe2 Kd8 64. Qf1 Kc8 65. Qh1 Qh7 66. Qf1 Qd7 1/2-1/2

[Event "*** Titled Tuesday Blitz"]
[Site "Chess.com"]
[Date "2020.05.12"]
[Round "9"]
[White "Tashik"]
[Black "Xeniya2005"]
[Result "1-0"]
[WhiteElo "2455"]
[BlackElo "2282"]
[TimeControl "180+1"]
[EndTime "11:44:27 PDT"]
[Termination "Tashik won by resignation"]

1. c4 e5 2. Nc3 Bb4 3. Nd5 Bc5 4. e3 Nc6 5. Nf3 d6 6. d4 exd4 7. exd4 Bb4+ 8. Nxb4 Nxb4 9. Qa4+ Nc6 10. d5 Qe7+ 11. Be3 Bd7 12. dxc6 Bxc6 13. Qb3 Nf6 14. Be2 O-O 15. O-O Rae8 16. Rfe1 Qd7 17. Nd4 Be4 18. f3 Bg6 19. Bf2 a6 20. Bd3 Nh5 21.
Bxg6 hxg6 22. Qxb7 Nf4 23. Qc6 Qd8 24. Rxe8 Rxe8 25.
Re1 Rxe1+ 26. Bxe1 Qg5 27. Bg3 Qe5 28. Nc2 Ne2+ 29. Kf2 Nxg3 30. hxg3 Qxb2 31. Qa4 c6 32.
g4 d5 33. cxd5 cxd5 34. Qb3 Qe5 35. Qb4 Qc7 36. Nd4 Kh7 37. a4 a5 38. Qb3 Qc5 39.
Ke3 f5 40. gxf5 gxf5 41. Qc2 Qe7+ 42. Kf2 g6 43. g4 Qh4+ 44. Ke3 fxg4 45. Qc7+ Kh8 46.
Qc8+ Kg7 47. Qxg4 Qe7+ 48. Kf2 Qb4 49. Kg3 Qd6+ 50. Kg2 Qb4 51. Ne6+ Kf6 52. Qxb4 axb4 53.
Nc5 Ke5 54. a5 Kd6 55. Nb3 Kc6 56. Kf2 Kb5 57. Ke3 g5 58. Kd3 Ka4 59. Kc2 Kb5 60. Kd3 Ka4 61. a6 Kxb3 62. a7 Kb2 63. a8=Q b3 64.
Qa4 Kc1 65. Qxb3 1-0

[Event "*** Titled Tuesday Blitz"]
[Site "Chess.com"]
[Date "2020.05.12"]
[Round "9"]
[White "AryanTari"]
[Black "PavelShkapenko"]
[Result "1-0"]
[WhiteElo "2908"]
[BlackElo "2644"]
[TimeControl "180+1"]
[EndTime "11:44:28 PDT"]
[Termination "AryanTari won by resignation"]

1. d4 Nf6 2. Bf4 e6 3. Nf3 c5 4. e3 b6 5. h3 Bb7 6. Be2 Be7 7. O-O O-O 8. c3 cxd4 9. exd4 d6 10. a4 a6 11. Bh2 Nbd7 12. Nbd2 Re8 13. Re1 Bf8 14. Qb3 Qc7 15. Qa3 Rac8 16. Rac1 e5 17. Qb3 e4 18.
Ng5 Re7 19. Bc4 Nb8 20. f3 e3 21. Bxf7+ Rxf7 22. Rxe3 h6 23. Nxf7 Qxf7 24. Qxf7+ Kxf7 25. Ne4 Rd8 26. c4 Nc6 27. d5 Nb4 28. Nxf6 gxf6 29. Bf4 a5 30. Rb3 Rc8 31. Bd2 Be7 32. Bxb4 axb4 33.
Rxb4 Bd8 34. a5 Bxd5 35. axb6 Bb7 36. Kf2 Rc6 37. Ke2 Rxb6 38. Rxb6 Bxb6 39. b4 Ke6 40. c5 dxc5 41. bxc5 Bc7 42. Ke3 Kd5 43. Rd1+ Kxc5 44. Rd7 Kc6 45. Rh7 Ba6 46. Rxh6 Bf1 47. Rxf6+ Kd7 48. Kf2 Bd3 49. h4 Be5 50. Rf8 Ke7 51. Rc8 Bf6 52. g3 Bf5 53. Rc1 Bd4+ 54. Kg2 Kf7 55.
Re1 Bf6 56. Rd1 Bc2 57. Rh1 Kg6 58. g4 Be5 59. Re1 Bf6 60. Re6 Kf7 61. Rc6 Ba4 62. Ra6 Bb5 63. Ra7+ Kg6 64. Kg3 Be5+ 65. f4 Bd4 66.
Rb7 Bd3 67. Rd7 1-0

[Event "*** Titled Tuesday Blitz"]
[Site "Chess.com"]
[Date "2020.05.12"]
[Round "9"]
[White "14Sokol88"]
[Black "Richarzard69"]
[Result "1-0"]
[WhiteElo "2386"]
[BlackElo "2276"]
[TimeControl "180+1"]
[EndTime "11:44:28 PDT"]
[Termination "14Sokol88 won by checkmate"]

1. e4 e6 2. d4 d5 3. Nd2 c5 4. exd5 Qxd5 5. Ngf3 cxd4 6. Bc4 Qd6 7. O-O Nf6 8. Nb3 Nc6 9. Nbxd4 Nxd4 10. Qxd4 a6 11. Bf4 Qxd4 12. Nxd4 Bc5 13. Nb3 Be7 14. Be2 O-O 15.
Bf3 Nd5 16. Bxd5 exd5 17. Rfe1 Be6 18. Nd4 Bf6 19. Be5 Be7 20. Re3 Bc5 21. c3 f6 22.
Nxe6 Bxe3 23. Nxf8 Rxf8 24. fxe3 fxe5 25. Rd1 Rd8 26. c4 d4 27. exd4 exd4 28. Kf2 Kf7 29. Kf3 b5 30. cxb5 axb5 31. Rd2 Ke6 32. Ke4 Rc8 33.
Kxd4 Rc4+ 34. Ke3 Ra4 35. a3 Rh4 36. g3 Rh5 37. Rd4 Rxh2 38. Rb4 Rh5 39. Rg4 g6 40. Kd3 Kd6 41. Kc3 Kc5 42. Re4 Kb6 43. Kb4 Rg5 44.
Re6+ Kb7 45. Re7+ Kb6 46. Rxh7 Rg4+ 47. Kb3 Rxg3+ 48. Ka2 g5 49. Rg7 g4 50. Rg5 Rg2 51.
Kb3 Kc6 52. Kc3 Kb6 53. b3 Kc6 54. Kb4 Rg3 55. Rg6+ Kc7 56. Rg5 Kc6 57. Rc5+ Kb6 58. Rxb5+ Ka6 59. Rg5 Kb6 60. Rg6+ Kb7 61. a4 Rg1 62. a5 g3 63. Kb5 Ka7 64. Rg7+ Ka8 65. Kb6 g2 66. Rg8# 1-0

[Event "*** Titled Tuesday Blitz"]
[Site "Chess.com"]
[Date "2020.05.12"]
[Round "9"]
[White "Firouzja2003"]
[Black "Mykola-Bortnyk"]
[Result "1-0"]
[WhiteElo "3157"]
[BlackElo "2885"]
[TimeControl "180+1"]
[EndTime "11:44:29 PDT"]
[Termination "Firouzja2003 won on time"]

1. d4 Nf6 2. c4 e6 3. Nf3 d5 4. Nc3 Be7 5. Bf4 O-O 6. e3 a6 7.
Qc2 c6 8. a4 Nbd7 9. Be2 Re8 10. h3 Nf8 11. O-O Ng6 12. Bh2 Bd6 13. Ne5 Bxe5 14.
dxe5 Nd7 15. f4 Qb6 16. Qd2 Nc5 17. Qd4 Ne7 18. a5 Qa7 19. b4 Nb3 20. Qxa7 Rxa7 21. Ra2 d4 22. Rb1 dxc3 23. Rxb3 Rd8 24. Rxc3 Ra8 25. Kf2 Bd7 26. Rd2 Be8 27. Rxd8 Rxd8 28. c5 Nd5 29. Rd3 Rd7 30. Rd4 Nc7 31. Rxd7 Bxd7 32.
e4 g6 33. Bg3 Kf8 34. Bh4 Nb5 35. Bd3 h6 36. Bf6 Kg8 37. Ke3 Kh7 38. Kf2 Kg8 39. g4 Kh7 40. Ke3 Kg8 41. Be2 Kh7 42. Kd3 Kg8 43. h4 Kh7 44. h5 gxh5 45. gxh5 Kg8 46. Ke3 Kh7 47. Bd3 Nc3 48. Bh4 Nb5 49. Be1 Kg7 50.
Bd2 Kh7 51. Kf3 Kg7 52. Kg4 Nd4 53. Be3 Nb5 54. Bc4 Kh7 55. Kf3 Kg7 56. Bf2 Kh7 57. Ke3 Kg7 58. Bh4 Nc7 59. Be7 Nb5 60. Kd3 1-0

[Event "*** Titled Tuesday Blitz"]
[Site "Chess.com"]
[Date "2020.05.12"]
[Round "9"]
[White "DanilNajdin"]
[Black "UmutErdemGunduz"]
[Result "0-1"]
[WhiteElo "2283"]
[BlackElo "2397"]
[TimeControl "180+1"]
[EndTime "11:44:31 PDT"]
[Termination "UmutErdemGunduz won on time"]

1. d4 Nf6 2. c4 e6 3. Nc3 c5 4. d5 exd5 5. cxd5 d6 6. e4 g6 7. h3 Bg7 8. Nf3 O-O 9. Bd3 b5 10.
Bxb5 Nxe4 11. Nxe4 Qa5+ 12. Nfd2 Qxb5 13. Nxd6 Qa6 14. N2c4 Nd7 15. O-O Nb6 16. Nxb6 axb6 17. Nxc8 Raxc8 18. Re1 Rfd8 19. Bg5 Rd7 20. Qd2 Bd4 21.
Qf4 Rxd5 22. Bh4 Bxb2 23. Rad1 Qxa2 24. Rd2 Rxd2 25. Qxd2 Qa3 26. Bd8 Bc3 27. Re8+ Kg7 28. Qd6 Rxd8 29. Rxd8 Qa1+ 30. Qd1 Qxd1+ 31. Rxd1 b5 32.
Kf1 Kf6 33. Ke2 Ke6 34. Kd3 Bd4 35. Rb1 b4 36. f3 Kd5 37. Rc1 b3 38. h4 b2 39. Rd1 c4+ 40. Kc2 Kc5 41. h5 c3 42.
hxg6 hxg6 43. Rh1 Kd6 44. Rd1 Ke5 45. Re1+ Kf5 46. Re4 Be5 47. g4+ Kf6 48. f4 Bd6 49. Rd4 Ke6 50. Re4+ Kd5 51. Ra4 Bc5 52. f5 Bd4 53.
fxg6 fxg6 54. Ra6 g5 55. Ra8 Be3 56. Rd8+ Ke4 57. Rf8 Bf4 58. Rf7 Kf3 59. Rb7 Kxg4 60. Kxc3 Bc1 61. Kc2 Kg3 0-1

[Event "*** Titled Tuesday Blitz"]
[Site "Chess.com"]
[Date "2020.05.12"]
[Round "9"]
[White "calin_dragomirescu"]
[Black "SergioGarciaFuentes"]
[Result "1/2-1/2"]
[WhiteElo "2284"]
[BlackElo "2161"]
[TimeControl "180+1"]
[EndTime "11:44:31 PDT"]
[Termination "Game drawn by repetition"]

1. Nf3 d5 2. c4 c6 3. d4 Nf6 4. Nc3 a6 5. e3 b5 6. c5 Nbd7 7. Qb3 Qc7 8. a4 Rb8 9. axb5 axb5 10. Qb4 e5 11. Qa5 Qxa5 12. Rxa5 e4 13. Nd2 Be7 14. b4 O-O 15. Be2 Bb7 16. O-O Ra8 17. Nb3 Bd8 18. Rxa8 Bxa8 19. Bb2 Nb8 20. Ra1 Bb7 21. h3 Re8 22. Na5 Bc8 23.
g4 Re7 24. Nb3 Rb7 25. Ra8 Nfd7 26. f3 exf3 27. Bxf3 g6 28. e4 dxe4 29. Nxe4 Rc7 30. Nd6 Bb7 31. Ra7 Ba6 32. Rxc7 Bxc7 33. Ne8 Bf4 34. d5 cxd5 35. Bxd5 Kf8 36. Nc7 Bxc7 37. Nd4 Be5 38. Bc3 Ke8 39. c6 Nb6 40. Be4 Nc4 41. Kg2 f6 42. Kf3 Nd6 43. Bd5 Ke7 44. g5 fxg5 45.
Nxb5 Nxb5 46. Bxe5 Nxc6 47. Bxc6 Nd6 48. Bd5 Bb5 49.
Ke3 Bd7 50. Kd4 Bxh3 51. Kc5 Nc8 52. b5 Bf5 53. Bc6 g4 54. Bg3 h5 55. b6 Nxb6 56. Kxb6 g5 57. Kc5 h4 58. Bd6+ Kf7 59. Bd5+ Be6 60.
Kd4 Bxd5 61. Kxd5 Kf6 62. Ke4 g3 63. Kf3 Kf5 64. Bxg3 hxg3 65. Kxg3 g4 66. Kg2 Kg5 67. Kg3 Kf5 68. Kg2 Kf4 69. Kf2 g3+ 70. Kg2 Kg4 71.
Kg1 Kh4 72. Kg2 Kg4 73. Kg1 Kf4 74. Kg2 Kg4 1/2-1/2

[Event "*** Titled Tuesday Blitz"]
[Site "Chess.com"]
[Date "2020.05.12"]
[Round "9"]
[White "1f3_2g41-0"]
[Black "GM_DarwinLaylo"]
[Result "1-0"]
[WhiteElo "2336"]
[BlackElo "2509"]
[TimeControl "180+1"]
[EndTime "11:44:32 PDT"]
[Termination "1f3_2g41-0 won on time"]

1. e4 d5 2. exd5 Nf6 3. Bb5+ Nbd7 4. Nf3 a6 5. Ba4 Nxd5 6. O-O b5 7. Bb3 Bb7 8. d4 e6 9. a4 Bd6 10. Bg5 Qb8 11.
Na3 h6 12. Bh4 g5 13. Bg3 Nf4 14. axb5 axb5 15. Nxb5 Rxa1 16. Nxd6+ cxd6 17. Qxa1 Bxf3 18. gxf3 Qb7 19. Qd1 h5 20. Bxf4 gxf4 21. Qd3 O-O 22. Kh1 Kh8 23. Qe4 Qxe4 24. fxe4 f3 25. c3 Nf6 26. e5 dxe5 27. dxe5 Ng4 28. h3 Nxe5 29. Bd1 Rb8 30. Re1 f6 31. Re3 Rxb2 32. Bxf3 h4 33. Kg2 Kg7 34. Bg4 Kf7 35. Re4 Rc2 36. Bh5+ Ke7 37. Rxh4 Rxc3 38. Re4 Rc2 39. Re2 Rc4 40.
Kg3 Nd3 41. Re3 Nf4 42. Bg4 Kf7 43. h4 f5 44. Bf3 Kf6 45. Ra3 Ng6 46. h5 Ne5 47.
Be2 Kg5 48. Ra5 f4+ 49. Kg2 Re4 50. Bd3 Re1 51. Bg6 Kf6 52. Ra4 f3+ 53. Kg3 Rg1+ 54.
Kh3 Rg2 55. Rf4+ Kg5 56. Rxf3 Rg1 57. Rg3+ Rxg3+ 58. Kxg3 Nxg6 59. f4+ 1-0

[Event "*** Titled Tuesday Blitz"]
[Site "Chess.com"]
[Date "2020.05.12"]
[Round "9"]
[White "Kensei26"]
[Black "Orest_Vovk"]
[Result "0-1"]
[WhiteElo "2242"]
[BlackElo "2443"]
[TimeControl "180+1"]
[EndTime "11:44:32 PDT"]
[Termination "Orest_Vovk won by checkmate"]

1. e4 Nc6 2. d4 e5 3. dxe5 Nxe5 4. f4 Nc6 5. Nf3 Bc5 6. Nc3 d6 7. Bc4 Nh6 8. h3 O-O 9. Qd3 Be6 10. Bxe6 fxe6 11.
a3 e5 12. fxe5 Nxe5 13. Qd5+ Kh8 14. Bxh6 gxh6 15. O-O-O Nxf3 16. gxf3 Rxf3 17. e5 Rf5 18. Rhe1 Qg5+ 19. Kb1 Rxe5 20. Qxb7 Rae8 21. Rxe5 Qxe5 22. Qxc7 Qg7 23. Qxg7+ Kxg7 24. Nb5 Rb8 25. Nxd6 Bxa3 26. Nc4 Bc5 27. Rd7+ Kg6 28. Ne5+ Kh5 29. Nd3 Be3 30. Rxh7 Kh4 31. Ne5 Kxh3 32. c3 Kg3 33. Nf7 Rb6 34. Kc2 Kg4 35. b4 Bf4 36. Nxh6+ Bxh6 37. Rxa7 Kf5 38.
Kb3 Be3 39. Rf7+ Ke6 40. Rh7 Rb8 41. Rg7 Bf4 42. Rg6+ Kf5 43. Rc6 Be5 44. Rc4 Ke6 45. Rc6+ Kd5 46. Rc4 Bd6 47. Rd4+ Kc6 48. Rc4+ Kb6 49.
Rd4 Bc7 50. Rc4 Rf8 51. Re4 Rf1 52. Re6+ Kb7 53. Re2 Rb1+ 54. Rb2 Rh1 55. Rc2 Rh3 56.
Rb2 Be5 57. Rc2 Kb6 58. Kb2 Kb5 59. Kb3 Bf6 60. Kb2 Kc4 61. Re2 Bxc3+ 62. Kc2 Bxb4 63.
Re4+ Kb5 64. Re8 Bc5 65. Rb8+ Kc4 66. Kd2 Rh2+ 67. Ke1 Kd3 68. Rd8+ Bd4 69. Kf1 Rf2+ 70. Ke1 Rg2 71. Kf1 Rg1# 0-1

[Event "*** Titled Tuesday Blitz"]
[Site "Chess.com"]
[Date "2020.05.12"]
[Round "9"]
[White "Logman74"]
[Black "ajdemipopushi"]
[Result "0-1"]
[WhiteElo "2357"]
[BlackElo "2240"]
[TimeControl "180+1"]
[EndTime "11:44:32 PDT"]
[Termination "ajdemipopushi won on time"]

1. e4 c5 2. Nf3 g6 3. c3 d5 4. exd5 Qxd5 5. d4 Bg7 6. Be2 cxd4 7. cxd4 Nf6 8. Nc3 Qa5 9. O-O O-O 10. Ne5 Nc6 11.
Bf3 Nxe5 12. dxe5 Qxe5 13. Re1 Qc7 14. Qa4 Bd7 15. Rxe7 Rfe8 16. Rxe8+ Rxe8 17. Bf4 Qxc3 18. bxc3 Bxa4 19. Bxb7 Nh5 20. Be3 Bxc3 21. Rc1 Bf6 22. Bxa7 Re7 23. g4 Rxb7 24. Be3 Kg7 25. gxh5 gxh5 26. Kg2 Bd7 27. Rc5 h4 28. h3 Be6 29.
a4 Rb3 30. a5 Ra3 31. Bd2 Ra2 32. Be3 Kg6 33. Rb5 Bf5 34. Kh2 Be4 35. Rb6 Ra1 36.
Rxf6+ Kg7 37. Rf3 Kf8 38. Bc5+ Ke8 39. Bd4 Rb1 40. Kg2 Bxf3+ 41. Kxf3 Rb4 42. Bb6 Ra4 43. Ke3 Kd7 44. f4 Ke6 45. Kf3 Kf5 46. Bc7 Ra3+ 47. Ke2 Ke4 48. Kf2 Ra2+ 49. Ke1 Kf3 50. f5 Kg2 51. f6 Kxh3 52. Kf1 Kg4 53. Kg1 h3 54. Kh1 Rb2 55. Kg1 Ra2 56.
Kh1 Rd2 57. Kg1 Rc2 58. Bd6 Rc7 59. Bxc7 Kf3 60. a6 Kg4 61. a7 Kf5 62. a8=Q Kxf6 0-1

[Event "*** Titled Tuesday Blitz"]
[Site "Chess.com"]
[Date "2020.05.12"]
[Round "9"]
[White "tioloko"]
[Black "Oleksandr_Bortnyk"]
[Result "0-1"]
[WhiteElo "2676"]
[BlackElo "2992"]
[TimeControl "180+1"]
[EndTime "11:44:33 PDT"]
[Termination "Oleksandr_Bortnyk won by resignation"]

1. Nf3 Nf6 2. b3 d5 3. Bb2 Bf5 4. e3 e6 5. c4 c6 6. Nc3 Nbd7 7. Be2 h6 8. O-O Bd6 9. d3 Bh7 10. Qd2 O-O 11. Rfe1 e5 12. cxd5 cxd5 13. Nb5 Bb8 14. Ba3 Re8 15. Nd6 Bxd6 16. Bxd6 e4 17. Nd4 Ne5 18.
Bxe5 Rxe5 19. h3 Bg6 20. Kh1 Qd7 21. Rac1 Rae8 22. b4 a6 23. Kg1 Rg5 24. h4 Rge5 25. g3 Bh5 26. Bf1 g5 27. hxg5 Rxg5 28. Bg2 Ng4 29. dxe4 dxe4 30. Rc5 Bg6 31. Rxg5 hxg5 32. Rc1 Ne5 33. a3 g4 34. Rc5 b6 35. Rc1 Rd8 36.
Qc3 Nf3+ 37. Bxf3 gxf3 38. Qc7 Qd5 39. Nc6 Re8 40. Ne7+ Rxe7 41. Qxe7 Kg7 42. Rc8 Qd1+ 43. Kh2 Qf1 44. Qe5+ f6 45. Rc7+ Bf7 46. Rxf7+ Kxf7 47. Qd5+ Kg7 48. Qd7+ Kg6 49. Qg4+ Kf7 50. Qd7+ Kf8 51.
Qd8+ Kg7 52. Qd7+ Kh6 53. Qh3+ Qxh3+ 54. Kxh3 Kh5 55. Kh2 Kg4 56. Kg1 Kh3 57. Kh1 Kg4 58.
Kg1 Kf5 59. Kh2 Ke5 60. Kh3 Kd5 61. Kg4 Kc4 62. Kf4 Kd3 63. g4 Ke2 64. Kxe4 Kxf2 65. Kd3 Kg2 0-1

[Event "*** Titled Tuesday Blitz"]
[Site "Chess.com"]
[Date "2020.05.12"]
[Round "9"]
[White "Kezin_Roman"]
[Black "VerdeNotte"]
[Result "1-0"]
[WhiteElo "2809"]
[BlackElo "2873"]
[TimeControl "180+1"]
[EndTime "11:44:33 PDT"]
[Termination "Kezin_Roman won by resignation"]

1. d4 Nf6 2. c4 g6 3. Nc3 Bg7 4. e4 d6 5. Nf3 O-O 6. h3 e5 7. d5 a5 8. Bg5 Na6 9. g4 Qe8 10.
Nd2 Nd7 11. a3 Nb6 12. Be3 Bd7 13. Qc2 Nc5 14. Be2 Nba4 15. Nb5 Qb8 16. b3 Nb6 17. O-O f5 18. f3 Qd8 19. Kg2 Bf6 20. b4 axb4 21.
axb4 Rxa1 22. Rxa1 Na6 23. c5 Nxb4 24. Qb3 dxc5 25. Bxc5 Na6 26. d6+ Rf7 27. dxc7 Nxc7 28. Nd6 Be6 29. Qxb6 Rd7 30. Bc4 Be7 31. Bxe6+ Nxe6 32. Qb3 Rxd6 33. Bxd6 Qxd6 34. exf5 gxf5 35. gxf5 Qxd2+ 36. Kh1 Kf8 37. Qxe6 Qd3 38. Ra8+ Bd8 39. Qf6+ Ke8 40.
Qxe5+ Kf7 41. Qe6+ Kf8 42. Qh6+ Ke8 43. Qh5+ Kf8 44. Ra1 Qe2 45. Rg1 Bf6 46. Qh6+ Ke7 47. Qf4 b5 48. Qe4+ Qxe4 49. fxe4 Kd6 50. Rb1 Ke5 51.
Rb4 Be7 52. Rxb5+ Kxe4 53. Kg2 Kf4 54. Rb7 Bf6 55. Rxh7 Kxf5 56. Rb7 Kf4 57. Rb5 Be5 58. Rb4+ Kf5 59. Ra4 Bf4 60. Kf3 Bc7 61. h4 Kg6 62. Kg4 Kh6 63. Ra6+ Kg7 64. Ra7 Kg6 65. Rxc7 Kh6 66.
Rc6+ 1-0